 Dungeon Crawl Stone Soup version 0.18.1-50-g88ac8fd (webtiles) character file.

2422 lege the Blocker (level 9, -7/70 HPs)
             Began as a Minotaur Fighter on Oct 6, 2016.
             Was a Follower of Trog.
             Mangled by an orc warrior
             ... wielding a +0 glaive
              (14 damage)
             ... on level 7 of the Dungeon.
             The game lasted 00:51:08 (5609 turns).

lege the Blocker (Minotaur Fighter)                 Turns: 5609, Time: 00:51:08

Health: -7/70      AC:  9    Str: 22 (23) XL:     9   Next: 24%
Magic:  8/8        EV:  7    Int:  2 (5)  God:    Trog [*.....]
Gold:   274        SH: 12    Dex:  7 (9)  Spells: 0 memorised, 8 levels left

rFire  . . .     SeeInvis .     a - +0 trident
rCold  . . .     Gourm    +     e - +0 chain mail
rNeg   . . .     Faith    .     c - +0 shield
rPois  .         Spirit   .     (helmet restricted)
rElec  .         Dismiss  .     (no cloak)
rCorr  .         Reflect  .     (no gloves)
SustAt .         Harm     .     (no boots)
MR     .....     Rnd*Rage +     t - amulet of the gourmand
Stlth  ..........               (no ring)
                                x - ring of stealth

@: not resistant to hostile enchantments, extremely unstealthy
A: retaliatory headbutt, hooves 1, horns 2, berserk 1, weak 1
a: Berserk, Burn Spellbooks, Renounce Religion


You were on level 7 of the Dungeon.
You worshipped Trog.
Trog was aware of your devotion.
You were very full.

You visited 1 branch of the dungeon, and saw 7 of its levels.

You collected 304 gold pieces.
You spent 30 gold pieces at shops.

Inventory:

Hand Weapons
 a - a +0 trident (weapon)
Missiles
 m - 13 javelins (quivered)
Armour
 c - a +0 shield (worn)
 e - a +0 chain mail (worn)
Jewellery
 i - an uncursed ring of magical power
 t - an amulet of the gourmand (around neck)
 x - a ring of stealth (left hand)
Wands
 w - a wand of iceblast (0/15)
Scrolls
 g - 5 scrolls of recharging {unknown}
 h - a scroll of remove curse {unknown}
 k - a scroll of fog {unknown}
 l - 3 scrolls of identify {unknown}
 p - 2 scrolls of fear {unknown}
 q - 2 scrolls of random uselessness {unknown}
 r - 2 scrolls of enchant armour {unknown}
 s - 2 scrolls of noise {unknown}
 u - a scroll of teleportation {unknown}
 y - a scroll of blinking {unknown}
 A - 2 scrolls of immolation {unknown}
 C - a scroll of magic mapping {unknown}
Potions
 o - a potion of curing
 v - a potion of ambrosia
Comestibles
 b - 4 meat rations
 f - 4 bread rations
 j - 6 fruits
 n - 2 beef jerkies
 z - a slice of pizza
 B - a royal jelly


   Skills:
 - Level 3.6 Fighting
 - Level 10.0 Polearms
 * Level 0.2 Throwing
 - Level 3.6 Armour
 - Level 1.6 Dodging
 - Level 1.4 Stealth
 - Level 11.1 Shields
 - Level 0.5 Evocations


You had 8 spell levels left.
You didn't know any spells.

Dungeon Overview and Level Annotations

Branches:
Dungeon (7/15)             Temple (0/1) D:6

Altars:
Ashenzari
Cheibriados
Elyvilon
Makhleb
Nemelex Xobeh
Ru
Sif Muna
Trog
Yredelemnul
Zin

Shops:
D:6 *!


Innate Abilities, Weirdness & Mutations

You reflexively headbutt those who attack you in melee.
You have a pair of horns on your head.
You have large cloven feet.
You tend to lose your temper in combat.
You are weak. (Str -2)


Message History

Your headbutt misses the orc warrior.
The orc warrior is moderately wounded.
The orc warrior hits you with a glaive!!
You closely miss the orc warrior.
The orc warrior is moderately wounded.
The orc hits you but does no damage.
You hit the orc warrior but do no damage.
Your kick misses the orc warrior.
The orc warrior is moderately wounded.
The orc warrior hits you with a glaive!!
You hit the orc warrior. Your kick misses the orc warrior.
Your headbutt misses the orc warrior.
The orc warrior is moderately wounded.
You block the orc's attack.
The orc warrior hits you from afar with a glaive!
* * * LOW HITPOINT WARNING * * *
Drink which item? (? for menu, Esc to quit)
It was a potion of cancellation.
You feel magically purged.
The orc warrior hits you from afar with a glaive!
You die...

#........ #+######'#o.. '........
#........#... #........
#........#o.. #........
#......<.#... #........
#.o.o....#... #........
#o###'####... ..######+
#########..#........# ..#...#
#......#...#[..o....# ..#...#
+...@.ooo..+........# ..#...#
#......#...#........# ..#...#
#......#...#........# ..#...#
##..########........#
..#...########..#..........######
(.#......+...#..'..........#
†.'......#...#..#..........#
..#..##.##.###.##........
..#..##.##.###.#.....#+##


You could see an orc warrior, an orc priest and an orc.

Vanquished Creatures
  The ghost of vuolankoinen the Skirmisher, a novice HuWn of Kikubaaqudgha (D:5)
  Grinder (D:6)
  Sigmund (D:3)
  Duvessa (D:4)
  2 ogres
  A phantom (D:7)
  2 centaurs
  Dowan (D:4)
  3 scorpions
  3 howler monkeys
  A centaur zombie (D:5)
  2 crimson imps
  6 hounds
  Crazy Yiuf (D:3)
  An iron imp (D:6)
  Jessica (D:3)
  2 giant frog skeletons
  6 worker ants
  A hound zombie (D:4)
  Robin (D:3)
  8 gnolls
  7 adders
  An ooze (D:1)
  An adder skeleton (D:7)
  6 worms
  A dart slug (D:1)
  A giant gecko (D:4)
  An orc (D:3)
  6 bats
  2 giant cockroaches
  15 goblins
  11 hobgoblins
  3 jackals (D:1)
  2 quokkas
  2 giant gecko skeletons (D:5)
  5 giant newts
  8 kobolds
  10 rats
  A fungus (D:3)
  A withered plant (D:3)
130 creatures vanquished.

Notes
Turn   | Place    | Note
--------------------------------------------------------------
     0 | D:1      | lege the Minotaur Fighter began the quest for the Orb.
     0 | D:1      | Reached XP level 1. HP: 19/19 MP: 0/0
    86 | D:1      | Reached XP level 2. HP: 25/26 MP: 1/1
   537 | D:1      | Reached XP level 3. HP: 31/31 MP: 2/2
  1047 | D:2      | Found a shattered altar of Ashenzari.
  1147 | D:2      | Found a sacrificial altar of Ru.
  1483 | D:2      | Found a deep blue altar of Sif Muna.
  1492 | D:2      | Reached skill level 5 in Polearms
  1554 | D:2      | Reached XP level 4. HP: 39/39 MP: 3/3
  2025 | D:3      | Noticed Sigmund
  2027 | D:3      | Killed Sigmund
  2027 | D:3      | Reached skill level 1 in Stealth
  2027 | D:3      | Reached XP level 5. HP: 42/45 MP: 4/4
  2161 | D:3      | Found a sparkling altar of Nemelex Xobeh.
  2203 | D:3      | Noticed Robin
  2227 | D:3      | Killed Robin
  2227 | D:3      | Reached XP level 6. HP: 47/51 MP: 5/5
  2288 | D:3      | Noticed Jessica
  2290 | D:3      | Killed Jessica
  2306 | D:3      | Found a basalt altar of Yredelemnul.
  2487 | D:3      | Noticed Crazy Yiuf
  2493 | D:3      | Killed Crazy Yiuf
  2937 | D:4      | Reached skill level 1 in Dodging
  3211 | D:4      | Noticed Duvessa
  3211 | D:4      | Noticed Dowan
  3227 | D:4      | Killed Dowan
  3227 | D:4      | Reached XP level 7. HP: 51/57 MP: 6/6
  3249 | D:4      | Killed Duvessa
  3692 | D:4      | Found a burning altar of Makhleb.
  4024 | D:4      | Noticed a moth of wrath
  4027 | D:4      | Found a bloodstained altar of Trog.
  4068 | D:4      | Became a worshipper of Trog the Wrathful
  4220 | D:5      | Entered Level 5 of the Dungeon
  4258 | D:5      | Reached skill level 10 in Polearms
  4273 | D:5      | Reached skill level 4 in Shields
  4301 | D:5      | Noticed vuolankoinen's ghost (novice HuWn)
  4327 | D:5      | Killed vuolankoinen's ghost
  4327 | D:5      | Reached skill level 7 in Shields
  4327 | D:5      | Reached XP level 8. HP: 61/64 MP: 7/7
  4423 | D:5      | Reached skill level 8 in Shields
  4686 | D:5      | You fall through a shaft for 2 floors!
  4709 | D:6      | Noticed Grinder
  4717 | D:6      | Killed Grinder
  4717 | D:6      | Reached skill level 9 in Shields
  4748 | D:6      | Found a staircase to the Ecumenical Temple.
  4773 | D:6      | Reached skill level 10 in Shields
  4775 | D:6      | Reached XP level 9. HP: 55/70 MP: 8/8
  4946 | D:6      | Reached * piety under Trog
  4996 | D:6      | Found Zin's Purification Station.
  4998 | D:6      | Found a glowing silver altar of Zin.
  5072 | D:6      | Found a snail-covered altar of Cheibriados.
  5179 | D:6      | Found Beatyeh's Distillery.
  5191 | D:6      | Bought a potion of mutation for 30 gold pieces
  5191 | D:6      | Gained mutation: You have large cloven feet. [potion of mutation]
  5191 | D:6      | Gained mutation: You are weak. (Str -2) [potion of mutation]
  5191 | D:6      | Gained mutation: You tend to lose your temper in combat. [potion of mutation]
  5341 | D:7      | Reached skill level 11 in Shields
  5433 | D:7      | Found a white marble altar of Elyvilon.
  5609 | D:7      | Mangled by an orc warrior

Skill      XL: |  1  2  3  4  5  6  7  8  9 |
---------------+----------------------------+-----
Polearms       | 3 4 5 7 8 10 | 10.0
Stealth        | 1 |  1.4
Dodging        | 1 |  1.6
Shields        | 7 10 11 | 11.1
Fighting       | |  3.6
Throwing       | |  0.2
Armour         | |  3.6
Evocations     | |  0.5

Action                   |  1- 3 |  4- 6 |  7- 9 || total
-------------------------+-------+-------+-------++-------
Melee: Trident           |   109 |   124 |   300 ||   533
       Headbutt          |    17 |    19 |    58 ||    94
       Kick              |       |       |    15 ||    15
Invok: Burn Spellbooks   |       |       |     1 ||     1
Evoke: Wand              |       |     2 |     1 ||     3
  Use: Potion            |       |     1 |     7 ||     8
  Eat: Chunk             |     2 |    13 |    10 ||    25
Armor: Scale mail        |     2 |       |       ||     2
       Chain mail        |    32 |    30 |    73 ||   135
Dodge: Dodged            |    19 |    13 |    31 ||    63
Block: Shield            |    34 |    32 |   116 ||   182
